Blues vs Coyotes (R3)

Created - May 18, 2020 at 19:11

Goals
1 2 3 T
Blues 1 1 2 4
Coyotes 1 2 4 7
Shots
1 2 3 T
Blues 12 13 9 34
Coyotes 6 9 13 28

1st period

1. Blues , Simon Gagné 1 (Sergei Shirokov 1, Ryan O'Reilly 1) at 7:48
2. Coyotes , Brad Richards 1 (Marian Gaborik 3) at 17:48

Penalties :
Matt Donovan (Ari) for Interference (Minor) at 1:27

2nd period

3. Coyotes , Marian Gaborik 3 (Zach Parise 1, Brad Richards 3) at 5:10
4. Blues , D.J King 2 (Shayne Gostisbehere 1) at 7:57
5. Coyotes , Marian Gaborik 4 (Brad Richards 4, Zach Parise 2) at 9:03

Penalties :
Sergei Shirokov (STL) for Hooking (Minor) at 1:39, Kristopher Letang (Ari) for Tripping (Minor) at 11:27, Simon Gagné (STL) for Roughing (Minor) at 19:13

3rd period

6. Coyotes , Marian Gaborik 5 (Evgeny Artyukhin 2) at 2:16
7. Blues , Nicklas Backstrom 2 (Alex Pietrangelo 3, Jordan Eberle 2) at 4:16
8. Blues , Simon Gagné 2 (Kurt Sauer 1, Shayne Gostisbehere 2) at 10:09 (PP)
9. Coyotes , Josh Gorges 1 (Brad Richards 5) at 10:13
10. Coyotes , Nazem Kadri 1 (Tyler Ennis 2) at 15:09 (PP)
11. Coyotes , Brad Richards 2 (Zach Parise 3, Chris Stewart 1) at 19:14 (PP)

Penalties :
Brad Richards (Ari) for Tripping (Minor) at 5:29, Jonathan Ferland (Ari) for Interference (Minor) at 9:26, Nicklas Backstrom (STL) for Holding (Minor) at 14:58, Josh Gorges (Ari) for Slashing (Minor) at 16:10, Alex Pietrangelo (STL) for High sticking (Double Minor) at 16:17, Yann Sauvé (STL) for Holding Stick (Minor) at 19:04

Goalie Stats

Carey Price (STL), 7 saves from 10 shots - (0.700), L, 1-2-0, 17:44 minutes
Pascal Leclaire (STL), 14 saves from 18 shots - (0.778), 42:16 minutes
Maxime Daigneault (Ari), 30 saves from 34 shots - (0.882), W, 2-1-0, 60:00 minutes

Players Stats for Blues

Player Name              G  A  P  +/- PIM S  H  SB GA TA FO     MP     PP MP  PK MP  
------------------------------------------------------------------------------------
Alex Pietrangelo         0  1  1  -3  4   4  3  2  1  0  0/0    24:21   3:49   3:25 
Cody Ceci                0  0  0  -4  0   2  1  1  0  0  0/0    24:26   0:00   2:05 
D.J King                 1  0  1   1  0   2  1  0  0  1  0/0     7:49   0:00   0:26 
Drew Shore               0  0  0   1  0   1  0  0  0  0  2/8    11:17   0:00   3:54 
Fabian Brunnstrom        0  0  0   0  0   3  1  0  0  1  1/1    10:16   0:00   0:00 
Filip Forsberg           0  0  0  -3  0   2  1  0  0  0  0/0    20:42   3:19   0:53 
Gustav Nyquist           0  0  0   1  0   1  0  0  0  0  0/0     7:33   0:01   0:00 
Jake Gardiner            0  0  0  -1  0   1  1  0  1  1  0/0    22:06   3:50   1:42 
Jordan Eberle            0  1  1  -2  0   7  4  0  1  0  2/4    22:51   3:20   3:54 
Kurt Sauer               0  1  1   2  0   0  0  0  0  0  0/0    14:46   2:57   0:00 
Nick Palmieri            0  0  0   0  0   1  1  0  0  2  0/0    13:18   3:27   0:00 
Nicklas Backstrom        1  0  1  -2  2   4  2  0  0  0  23/37  20:14   3:20   0:00 
Ryan O'Reilly            0  1  1   0  0   2  1  0  1  0  3/7    15:12   3:27   0:13 
Sergei Shirokov          0  1  1   0  2   1  1  0  0  1  3/3    12:54   0:00   0:00 
Shayne Gostisbehere      0  2  2   2  0   0  0  0  1  0  0/0    17:08   2:57   1:19 
Simon Gagné              2  0  2  -1  2   2  2  0  0  0  0/0    16:57   3:27   0:55 
Vincent Lecavalier       0  0  0  -1  0   1  0  0  0  2  2/5    12:53   0:00   1:33 
Yann Sauvé               0  0  0   0  2   0  0  2  0  1  0/0    17:11   0:00   3:26 

Players Stats for Coyotes

Player Name              G  A  P  +/- PIM S  H  SB GA TA FO     MP     PP MP  PK MP  
------------------------------------------------------------------------------------
Anton Stralman           0  0  0  -1  0   1  2  3  1  1  0/0    27:26   4:09   4:21 
Brad Richards            2  3  5   5  2   3  1  0  0  0  16/37  21:51   2:22   2:15 
Chris Stewart            0  1  1  -2  0   1  2  0  2  1  0/0    15:05   2:22   0:00 
Evgeny Artyukhin         0  1  1   0  0   1  2  0  0  0  0/0     8:34   0:04   0:00 
Jamie Arniel             0  0  0   0  0   0  2  1  0  0  1/4    11:42   0:15   2:57 
Jonathan Ferland         0  0  0  -1  2   1  0  0  0  0  0/0     7:52   0:04   0:00 
Josh Gorges              1  0  1   1  2   4  1  1  0  0  0/0    21:53   1:50   2:51 
Kristopher Letang        0  0  0  -1  2   0  2  0  0  1  0/0    26:28   4:09   2:57 
Marian Gaborik           3  1  4   5  0   4  1  0  1  1  0/2    18:44   3:20   0:00 
Martin Samuelsson        0  0  0   0  0   1  1  1  0  0  0/2    11:23   0:00   3:13 
Matt Donovan             0  0  0   2  2   0  0  0  1  0  0/0    12:26   0:00   0:51 
Michael Del Zotto        0  0  0   1  0   1  1  0  1  0  0/0    21:04   1:50   2:26 
Nazem Kadri              1  0  1  -2  0   1  2  1  0  0  7/12   18:36   3:33   1:01 
Nick Bonino              0  0  0  -1  0   0  1  1  0  0  2/5     7:42   0:00   0:13 
Ramzi Abid               0  0  0  -1  0   0  1  0  0  0  0/0     8:05   0:00   0:36 
Thomas Hickey            0  0  0   2  0   0  1  0  2  1  0/0    11:56   0:02   0:08 
Tyler Ennis              0  1  1  -2  0   4  3  0  0  0  1/1    16:38   3:33   0:00 
Zach Parise              0  3  3   5  0   6  0  1  1  0  2/2    23:51   2:22   3:19 

3 Stars

1 - Marian Gaborik (Ari)
2 - Brad Richards (Ari)
3 - Zach Parise (Ari)

Power Play

Blues - 1 on 5 Attempt(s) - 20.00%
Coyotes - 2 on 6 Attempt(s) - 33.33%

Penalty Kill

Blues - 4 on 6 Attempt(s) - 66.67% - Score 0 goal in Penalty Kill
Coyotes - 4 on 5 Attempt(s) - 80.00% - Score 0 goal in Penalty Kill

Team Stat

Blues - Hits : 19 - Faceoff Wins : 36 - Blocked Shots : 5 - Penalty Minutes : 12
Coyotes - Hits : 23 - Faceoff Wins : 29 - Blocked Shots : 9 - Penalty Minutes : 10

Official

Referees : Unknown
Linesman : Unknown

Game Notes

Marian Gaborik has scored a Hat Trick!
Carey Price enters game at 2:16 of 3rd period

Finance

Level 1 -- Attendance: 6000 (100.00%) -- Ticket Income $630,000
Level 2 -- Attendance: 5000 (100.00%) -- Ticket Income $325,000
Level 3 -- Attendance: 2000 (100.00%) -- Ticket Income $80,000
Level 4 -- Attendance: 4000 (100.00%) -- Ticket Income $120,000
Luxury Box -- Attendance: 1000 (100.00%) -- Ticket Income $180,000
Game was played at the The Pack Center.
Total Attendance: 18000 (100.00%)
Total Ticket Income: $1,335,000
Other Income: $200,250
Total Income: $1,535,250

Blues

5 vs 5 Forward 
   Center                   Left Wing                Right Wing               Time % Phy DF OF 
 1 Nicklas Backstrom        Filip Forsberg           Jordan Eberle            40     1   2  2  
 2 Ryan O'Reilly            Simon Gagné              Sergei Shirokov          30     1   2  2  
 3 Vincent Lecavalier       Fabian Brunnstrom        Nick Palmieri            20     1   2  2  
 4 Drew Shore               D.J King                 Gustav Nyquist           10     1   2  2  

5 vs 5 Defense 
   Defense                  Defense                                           Time % Phy DF OF 
 1 Alex Pietrangelo         Cody Ceci                                         40     1   2  2  
 2 Yann Sauvé               Jake Gardiner                                     30     1   2  2  
 3 Kurt Sauer               Shayne Gostisbehere                               20     1   2  2  
 4 Cody Ceci                Jake Gardiner                                     10     1   2  2  

PowerPlay Forward 
   Center                   Left Wing                Right Wing               Time % Phy DF OF 
 1 Nicklas Backstrom        Filip Forsberg           Jordan Eberle            60     1   2  2  
 2 Ryan O'Reilly            Simon Gagné              Nick Palmieri            40     1   2  2  

PowerPlay Defense
   Defense                  Defense                                           Time % Phy DF OF 
 1 Alex Pietrangelo         Jake Gardiner                                     60     1   2  2  
 2 Shayne Gostisbehere      Kurt Sauer                                        40     1   2  2  

Penalty Kill 4 Players Forward 
   Center                   Wing                     Time % Phy DF OF 
 1 Drew Shore               Jordan Eberle            60     1   2  2  
 2 Vincent Lecavalier       Simon Gagné              40     1   2  2  

Penalty Kill 4 Players Defense
   Defense                  Defense                  Time % Phy DF OF 
 1 Alex Pietrangelo         Yann Sauvé               60     1   2  2  
 2 Jake Gardiner            Cody Ceci                40     1   2  2  

Penalty Kill - 3 Players Forward 
   Forward                                           Time % Phy DF OF 
 1 Drew Shore                                        60     1   2  2  
 2 Jordan Eberle                                     40     1   2  2  

Penalty Kill - 3 Players Defense
   Defense                  Defense                  Time % Phy DF OF 
 1 Alex Pietrangelo         Cody Ceci                60     1   2  2  
 2 Jake Gardiner            Yann Sauvé               40     1   2  2  

4 vs 4 Forward 
   Center                   Wing                     Time % Phy DF OF 
 1 Nicklas Backstrom        Sergei Shirokov          60     1   2  2  
 2 Vincent Lecavalier       Jordan Eberle            40     1   2  2  

4 vs 4 Defense
   Defense                  Defense                  Time % Phy DF OF 
 1 Alex Pietrangelo         Cody Ceci                60     1   2  2  
 2 Jake Gardiner            Shayne Gostisbehere      40     1   2  2  

Last Minutes Offensive
   Center                   Left Wing                Right Wing               Defense                  Defense                  
   Nicklas Backstrom        Simon Gagné              Jordan Eberle            Alex Pietrangelo         Jake Gardiner            

Last Minutes Defensive
   Center                   Left Wing                Right Wing               Defense                  Defense                  
   Drew Shore               Fabian Brunnstrom        Jordan Eberle            Yann Sauvé               Cody Ceci                

Goaltenders
Starting : Pascal Leclaire          
Backup : Carey Price              

Extra Forwards
Normal : Fabian Brunnstrom, Vincent Lecavalier, Jordan Eberle - PP : Gustav Nyquist, Nicklas Backstrom - PK : Filip Forsberg
Extra Defensemen
Normal : Shayne Gostisbehere, Cody Ceci, Jake Gardiner - PP : Shayne Gostisbehere - PK : Shayne Gostisbehere, Jake Gardiner
Penalty Shots
D.J King, Vincent Lecavalier, Jordan Eberle, Nicklas Backstrom, Fabian Brunnstrom

Scratches
David Perron (Lacerated Left Calf Injury), Justin Falk (Healthy)

Coyotes

5 vs 5 Forward 
   Center                   Left Wing                Right Wing               Time % Phy DF OF 
 1 Brad Richards            Zach Parise              Marian Gaborik           38     0   3  2  
 2 Nazem Kadri              Tyler Ennis              Chris Stewart            32     0   3  2  
 3 Jamie Arniel             Martin Samuelsson        Evgeny Artyukhin         20     0   3  2  
 4 Nick Bonino              Ramzi Abid               Jonathan Ferland         10     1   3  1  

5 vs 5 Defense 
   Defense                  Defense                                           Time % Phy DF OF 
 1 Kristopher Letang        Anton Stralman                                    40     0   3  2  
 2 Josh Gorges              Michael Del Zotto                                 35     1   2  2  
 3 Thomas Hickey            Matt Donovan                                      25     0   3  2  
 4 Kristopher Letang        Anton Stralman                                    0      1   2  2  

PowerPlay Forward 
   Center                   Left Wing                Right Wing               Time % Phy DF OF 
 1 Nazem Kadri              Tyler Ennis              Marian Gaborik           60     0   1  4  
 2 Brad Richards            Zach Parise              Chris Stewart            40     0   1  4  

PowerPlay Defense
   Defense                  Defense                                           Time % Phy DF OF 
 1 Kristopher Letang        Anton Stralman                                    60     0   2  3  
 2 Josh Gorges              Michael Del Zotto                                 40     0   2  3  

Penalty Kill 4 Players Forward 
   Center                   Wing                     Time % Phy DF OF 
 1 Brad Richards            Zach Parise              50     1   3  1  
 2 Jamie Arniel             Martin Samuelsson        50     1   3  1  

Penalty Kill 4 Players Defense
   Defense                  Defense                  Time % Phy DF OF 
 1 Kristopher Letang        Anton Stralman           60     1   4  0  
 2 Josh Gorges              Michael Del Zotto        40     1   4  0  

Penalty Kill - 3 Players Forward 
   Forward                                           Time % Phy DF OF 
 1 Zach Parise                                       60     1   4  0  
 2 Martin Samuelsson                                 40     1   4  0  

Penalty Kill - 3 Players Defense
   Defense                  Defense                  Time % Phy DF OF 
 1 Kristopher Letang        Anton Stralman           60     1   2  2  
 2 Josh Gorges              Michael Del Zotto        40     1   2  2  

4 vs 4 Forward 
   Center                   Wing                     Time % Phy DF OF 
 1 Brad Richards            Zach Parise              60     1   2  2  
 2 Nazem Kadri              Tyler Ennis              40     1   2  2  

4 vs 4 Defense
   Defense                  Defense                  Time % Phy DF OF 
 1 Kristopher Letang        Anton Stralman           60     1   2  2  
 2 Josh Gorges              Michael Del Zotto        40     1   2  2  

Last Minutes Offensive
   Center                   Left Wing                Right Wing               Defense                  Defense                  
   Brad Richards            Tyler Ennis              Marian Gaborik           Kristopher Letang        Michael Del Zotto        

Last Minutes Defensive
   Center                   Left Wing                Right Wing               Defense                  Defense                  
   Brad Richards            Zach Parise              Marian Gaborik           Josh Gorges              Anton Stralman           

Goaltenders
Starting : Maxime Daigneault        
Backup : Thomas McCollum          

Extra Forwards
Normal : Jamie Arniel, Evgeny Artyukhin, Martin Samuelsson - PP : Jamie Arniel, Evgeny Artyukhin - PK : Martin Samuelsson
Extra Defensemen
Normal : Thomas Hickey, Matt Donovan, Josh Gorges - PP : Thomas Hickey - PK : Matt Donovan, Josh Gorges
Penalty Shots
Tyler Ennis, Marian Gaborik, Zach Parise, Nazem Kadri, Brad Richards

Scratches
Andrew MacDonald (Healthy), Mike Weber (Healthy)

% Time on Ice - Blues

Lines # - Real PCT - Wanted PCT - Time Play
Normal Forward
1 - 34% - 40% - 15:29
2 - 28% - 30% - 12:36
3 - 22% - 20% - 9:54
4 - 16% - 10% - 7:23
Normal Defense
1 - 40% - 40% - 17:56
2 - 32% - 30% - 14:40
3 - 25% - 20% - 11:31
4 - 3% - 10% - 1:15
PP Forward
1 - 49% - 60% - 3:20
2 - 51% - 40% - 3:27
PP Defense
1 - 57% - 60% - 3:50
2 - 43% - 40% - 2:57
PK Forward
1 - 73% - 60% - 4:16
2 - 27% - 40% - 1:33
PK Defense
1 - 74% - 60% - 4:20
2 - 26% - 40% - 1:29
PK3 Forward
1 - 100% - 60% - 0:10
2 - 0% - 40% - 0:00
PK3 Defense
1 - 100% - 60% - 0:10
2 - 0% - 40% - 0:00
44 Forward
1 - 96% - 60% - 1:48
2 - 4% - 40% - 0:04
44 Defense
1 - 100% - 60% - 1:52
2 - 0% - 40% - 0:00
Last Minute Offensive  - 0:00
Last Minute Defensive  - 0:00
Total
Forward - 60:00
Defense - 60:00

% Time on Ice - Coyotes

Lines # - Real PCT - Wanted PCT - Time Play
Normal Forward
1 - 37% - 38% - 17:00
2 - 28% - 32% - 12:43
3 - 18% - 20% - 8:10
4 - 16% - 10% - 7:29
Normal Defense
1 - 39% - 40% - 17:48
2 - 36% - 35% - 16:24
3 - 25% - 25% - 11:10
4 - 0% - 0% - 0:00
PP Forward
1 - 60% - 60% - 3:35
2 - 40% - 40% - 2:24
PP Defense
1 - 69% - 60% - 4:09
2 - 31% - 40% - 1:50
PK Forward
1 - 56% - 50% - 3:47
2 - 44% - 50% - 3:00
PK Defense
1 - 64% - 60% - 4:21
2 - 36% - 40% - 2:26
PK3 Forward
1 - 0% - 60%
2 - 0% - 40%
PK3 Defense
1 - 0% - 60%
2 - 0% - 40%
44 Forward
1 - 68% - 60% - 1:16
2 - 32% - 40% - 0:36
44 Defense
1 - 85% - 60% - 1:35
2 - 15% - 40% - 0:17
Last Minute Offensive  - 0:00
Last Minute Defensive  - 0:00
Total
Forward - 60:00
Defense - 60:00

Play-by-Play

1st period


0:01 of 1st period - Nicklas Backstrom wins face-off versus Brad Richards in neutral zone.
0:38 of 1st period - Snap shot by Chris Stewart.
0:38 of 1st period - Stopped by Pascal Leclaire with a rebound.
1:10 of 1st period - Drew Shore is hit by Ramzi Abid and loses puck.
1:27 of 1st period - Minor Penalty to Matt Donovan for Interference.
1:28 of 1st period - Nicklas Backstrom wins face-off versus Brad Richards in Coyotes zone.
1:29 of 1st period - Snap shot by Filip Forsberg.
1:29 of 1st period - Stopped by Maxime Daigneault without a rebound.
1:30 of 1st period - Nicklas Backstrom wins face-off versus Brad Richards in Coyotes zone.
3:27 of 1st period - Penalty to Matt Donovan is over, Matt Donovan is back on ice.
4:35 of 1st period - Simon Gagné is hit by Anton Stralman and loses puck.
5:35 of 1st period - Zach Parise is hit by Ryan O'Reilly and loses puck.
5:46 of 1st period - Gustav Nyquist is hit by Martin Samuelsson and loses puck.
5:51 of 1st period - Snap shot by Evgeny Artyukhin.
5:51 of 1st period - Shot Misses the Net.
5:59 of 1st period - Kristopher Letang is hit by D.J King and loses puck.
6:27 of 1st period - Kristopher Letang is hit by Jordan Eberle.
6:43 of 1st period - Slapshot by Tyler Ennis.
6:43 of 1st period - Shot Misses the Net.
7:05 of 1st period - Wrist shot by Nazem Kadri.
7:05 of 1st period - Shot Misses the Net.
7:46 of 1st period - Snap shot by Sergei Shirokov.
7:46 of 1st period - Shot Misses the Net.
7:48 of 1st period - Wrist shot by Simon Gagné.
7:48 of 1st period - Goal by Simon Gagné - Blues : 1 - Coyotes : 0.
7:49 of 1st period - Jordan Eberle wins face-off versus Marian Gaborik in neutral zone.
8:08 of 1st period - Yann Sauvé is hit by Kristopher Letang and loses puck.
9:11 of 1st period - Wrist shot by Drew Shore.
9:11 of 1st period - Shot Blocked by Zach Parise.
9:15 of 1st period - Backhand shot by Gustav Nyquist.
9:15 of 1st period - Deflect By D.J King.
9:15 of 1st period - Shot Misses the Net.
9:15 of 1st period - Puck is out of play.
9:16 of 1st period - Vincent Lecavalier wins face-off versus Martin Samuelsson in Coyotes zone.
9:19 of 1st period - Wrist shot by Nick Palmieri.
9:19 of 1st period - Shot Misses the Net.
9:21 of 1st period - Snap shot by Alex Pietrangelo.
9:21 of 1st period - Shot Misses the Net.
9:23 of 1st period - Snap shot by Cody Ceci.
9:23 of 1st period - Shot Misses the Net.
9:25 of 1st period - Snap shot by Nick Palmieri.
9:25 of 1st period - Deflect By Fabian Brunnstrom.
9:25 of 1st period - Stopped by Maxime Daigneault with a rebound.
9:49 of 1st period - Snap shot by Gustav Nyquist.
9:49 of 1st period - Shot Misses the Net.
9:51 of 1st period - Wrist shot by Gustav Nyquist.
9:51 of 1st period - Shot Misses the Net.
10:05 of 1st period - Snap shot by Jonathan Ferland.
10:05 of 1st period - Stopped by Pascal Leclaire without a rebound.
10:06 of 1st period - Nicklas Backstrom wins face-off versus Nick Bonino in Blues zone.
10:13 of 1st period - Snap shot by Jordan Eberle.
10:13 of 1st period - Stopped by Maxime Daigneault with a rebound.
10:15 of 1st period - Snap shot by Cody Ceci.
10:15 of 1st period - Stopped by Maxime Daigneault with a rebound.
10:17 of 1st period - Wrist shot by Filip Forsberg.
10:17 of 1st period - Shot Blocked by Anton Stralman.
10:19 of 1st period - Slapshot by Alex Pietrangelo.
10:19 of 1st period - Shot Misses the Net.
10:21 of 1st period - Slapshot by Jordan Eberle.
10:21 of 1st period - Stopped by Maxime Daigneault with a rebound.
10:23 of 1st period - Slapshot by Nicklas Backstrom.
10:23 of 1st period - Stopped by Maxime Daigneault without a rebound.
10:24 of 1st period - Ryan O'Reilly wins face-off versus Brad Richards in Coyotes zone.
10:25 of 1st period - Slapshot by Alex Pietrangelo.
10:25 of 1st period - Stopped by Maxime Daigneault without a rebound.
10:26 of 1st period - Ryan O'Reilly wins face-off versus Brad Richards in Coyotes zone.
10:41 of 1st period - Snap shot by Marian Gaborik.
10:41 of 1st period - Shot Misses the Net.
10:43 of 1st period - Slapshot by Anton Stralman.
10:43 of 1st period - Stopped by Pascal Leclaire without a rebound.
10:44 of 1st period - Nicklas Backstrom wins face-off versus Nazem Kadri in Blues zone.
10:51 of 1st period - Tyler Ennis is hit by Alex Pietrangelo and loses puck.
12:17 of 1st period - Wrist shot by Nicklas Backstrom.
12:17 of 1st period - Shot Misses the Net.
12:25 of 1st period - Snap shot by Nicklas Backstrom.
12:25 of 1st period - Deflect By Filip Forsberg.
12:25 of 1st period - Stopped by Maxime Daigneault with a rebound.
12:57 of 1st period - Zach Parise is hit by Fabian Brunnstrom and loses puck.
14:34 of 1st period - Snap shot by Sergei Shirokov.
14:34 of 1st period - Shot Misses the Net.
15:10 of 1st period - Slapshot by Alex Pietrangelo.
15:10 of 1st period - Stopped by Maxime Daigneault with a rebound.
15:42 of 1st period - Icing by Martin Samuelsson.
15:43 of 1st period - Nick Bonino wins face-off versus Vincent Lecavalier in Coyotes zone.
16:05 of 1st period - Icing by Jake Gardiner.
16:06 of 1st period - Vincent Lecavalier wins face-off versus Brad Richards in Blues zone.
16:39 of 1st period - Wrist shot by Nazem Kadri.
16:39 of 1st period - Shot Blocked by Yann Sauvé.
17:15 of 1st period - Nick Bonino is hit by Cody Ceci and loses puck.
17:40 of 1st period - Slapshot by Josh Gorges.
17:40 of 1st period - Stopped by Pascal Leclaire without a rebound.
17:41 of 1st period - Brad Richards wins face-off versus Nicklas Backstrom in Blues zone.
17:48 of 1st period - Snap shot by Brad Richards.
17:48 of 1st period - Goal by Brad Richards - Blues : 1 - Coyotes : 1.
17:49 of 1st period - Nicklas Backstrom wins face-off versus Brad Richards in neutral zone.
17:52 of 1st period - Slapshot by Alex Pietrangelo.
17:52 of 1st period - Shot Misses the Net.
18:00 of 1st period - Snap shot by Zach Parise.
18:00 of 1st period - Stopped by Pascal Leclaire without a rebound.
18:01 of 1st period - Nicklas Backstrom wins face-off versus Brad Richards in Blues zone.
18:12 of 1st period - Nicklas Backstrom is hit by Marian Gaborik and loses puck.
19:16 of 1st period - Wrist shot by Gustav Nyquist.
19:16 of 1st period - Stopped by Maxime Daigneault without a rebound.
19:17 of 1st period - Jordan Eberle wins face-off versus Brad Richards in Coyotes zone.
19:32 of 1st period - Snap shot by Nicklas Backstrom.
19:32 of 1st period - Stopped by Maxime Daigneault with a rebound.
19:34 of 1st period - Slapshot by Jake Gardiner.
19:34 of 1st period - Shot Blocked by Anton Stralman.
Goals for this period are 1 for Blues vs 1 for Coyotes.
Shots for this period are 12 for Blues vs 6 for Coyotes.

2nd period


0:01 of 2nd period - Zach Parise wins face-off versus Nicklas Backstrom in neutral zone.
0:06 of 2nd period - Wrist shot by Zach Parise.
0:06 of 2nd period - Shot Misses the Net.
0:55 of 2nd period - Wrist shot by Evgeny Artyukhin.
0:55 of 2nd period - Stopped by Pascal Leclaire without a rebound.
0:56 of 2nd period - Nicklas Backstrom wins face-off versus Marian Gaborik in Blues zone.
1:05 of 2nd period - Zach Parise is hit by Filip Forsberg and loses puck.
1:22 of 2nd period - Ryan O'Reilly is hit by Tyler Ennis and loses puck.
1:39 of 2nd period - Minor Penalty to Sergei Shirokov for Hooking.
1:40 of 2nd period - Nazem Kadri wins face-off versus Drew Shore in Blues zone.
1:51 of 2nd period - Snap shot by Tyler Ennis.
1:51 of 2nd period - Shot Blocked by Yann Sauvé.
1:56 of 2nd period - Slapshot by Kristopher Letang.
1:56 of 2nd period - Shot Blocked by Alex Pietrangelo.
2:34 of 2nd period - Vincent Lecavalier is hit by Tyler Ennis and loses puck.
3:10 of 2nd period - Zach Parise is hit by Alex Pietrangelo and loses puck.
3:39 of 2nd period - Penalty to Sergei Shirokov is over, Sergei Shirokov is back on ice.
5:06 of 2nd period - Snap shot by Marian Gaborik.
5:06 of 2nd period - Deflect By Kurt Sauer.
5:06 of 2nd period - Shot Misses the Net.
5:06 of 2nd period - Puck is out of play.
5:07 of 2nd period - Brad Richards wins face-off versus Nicklas Backstrom in Blues zone.
5:10 of 2nd period - Snap shot by Marian Gaborik.
5:10 of 2nd period - Goal by Marian Gaborik - Blues : 1 - Coyotes : 2.
5:11 of 2nd period - Brad Richards wins face-off versus Jordan Eberle in neutral zone.
5:23 of 2nd period - Icing by Kristopher Letang.
5:24 of 2nd period - Nicklas Backstrom wins face-off versus Brad Richards in Coyotes zone.
5:25 of 2nd period - Slapshot by Alex Pietrangelo.
5:25 of 2nd period - Stopped by Maxime Daigneault without a rebound.
5:26 of 2nd period - Nicklas Backstrom wins face-off versus Brad Richards in Coyotes zone.
5:41 of 2nd period - Wrist shot by Jordan Eberle.
5:41 of 2nd period - Shot Misses the Net.
6:41 of 2nd period - D.J King is hit by Jamie Arniel and loses puck.
6:46 of 2nd period - Wrist shot by Martin Samuelsson.
6:46 of 2nd period - Stopped by Pascal Leclaire without a rebound.
6:47 of 2nd period - Brad Richards wins face-off versus Nicklas Backstrom in Blues zone.
6:54 of 2nd period - Slapshot by Brad Richards.
6:54 of 2nd period - Shot Misses the Net.
7:34 of 2nd period - Sergei Shirokov is hit by Josh Gorges and loses puck.
7:55 of 2nd period - Slapshot by D.J King.
7:55 of 2nd period - Shot Blocked by Nazem Kadri.
7:57 of 2nd period - Snap shot by D.J King.
7:57 of 2nd period - Goal by D.J King - Blues : 2 - Coyotes : 2.
7:58 of 2nd period - Nazem Kadri wins face-off versus Nicklas Backstrom in neutral zone.
8:37 of 2nd period - Wrist shot by Vincent Lecavalier.
8:37 of 2nd period - Stopped by Maxime Daigneault with a rebound.
8:47 of 2nd period - Snap shot by Tyler Ennis.
8:47 of 2nd period - Stopped by Pascal Leclaire without a rebound.
8:48 of 2nd period - Brad Richards wins face-off versus Ryan O'Reilly in Blues zone.
9:03 of 2nd period - Wrist shot by Marian Gaborik.
9:03 of 2nd period - Goal by Marian Gaborik - Blues : 2 - Coyotes : 3.
9:04 of 2nd period - Nicklas Backstrom wins face-off versus Brad Richards in neutral zone.
9:09 of 2nd period - Wrist shot by Jordan Eberle.
9:09 of 2nd period - Shot Misses the Net.
9:35 of 2nd period - Slapshot by Michael Del Zotto.
9:35 of 2nd period - Deflect By Tyler Ennis.
9:35 of 2nd period - Stopped by Pascal Leclaire with a rebound.
9:37 of 2nd period - Snap shot by Tyler Ennis.
9:37 of 2nd period - Stopped by Pascal Leclaire with a rebound.
9:39 of 2nd period - Slapshot by Josh Gorges.
9:39 of 2nd period - Stopped by Pascal Leclaire without a rebound.
9:40 of 2nd period - Nicklas Backstrom wins face-off versus Jamie Arniel in Blues zone.
9:52 of 2nd period - Wrist shot by Jordan Eberle.
9:52 of 2nd period - Stopped by Maxime Daigneault with a rebound.
10:06 of 2nd period - Matt Donovan is hit by Simon Gagné.
10:16 of 2nd period - Snap shot by Marian Gaborik.
10:16 of 2nd period - Shot Misses the Net.
10:32 of 2nd period - Vincent Lecavalier is hit by Chris Stewart and loses puck.
11:12 of 2nd period - Slapshot by Michael Del Zotto.
11:12 of 2nd period - Deflect By Zach Parise.
11:12 of 2nd period - Shot Misses the Net.
11:12 of 2nd period - Puck is out of play.
11:13 of 2nd period - Nicklas Backstrom wins face-off versus Brad Richards in Blues zone.
11:20 of 2nd period - Snap shot by Cody Ceci.
11:20 of 2nd period - Deflect By Brad Richards.
11:20 of 2nd period - Stopped by Maxime Daigneault without a rebound.
11:21 of 2nd period - Nicklas Backstrom wins face-off versus Brad Richards in Coyotes zone.
11:27 of 2nd period - Minor Penalty to Kristopher Letang for Tripping.
11:28 of 2nd period - Brad Richards wins face-off versus Nicklas Backstrom in Coyotes zone.
11:44 of 2nd period - Slapshot by Jake Gardiner.
11:44 of 2nd period - Stopped by Maxime Daigneault with a rebound.
12:03 of 2nd period - Brad Richards is hit by Nick Palmieri.
13:13 of 2nd period - Jamie Arniel is hit by Nicklas Backstrom and loses puck.
13:27 of 2nd period - Penalty to Kristopher Letang is over, Kristopher Letang is back on ice.
14:08 of 2nd period - Snap shot by Drew Shore.
14:08 of 2nd period - Shot Misses the Net.
14:34 of 2nd period - Snap shot by Zach Parise.
14:34 of 2nd period - Stopped by Pascal Leclaire without a rebound.
14:35 of 2nd period - Nicklas Backstrom wins face-off versus Nick Bonino in Blues zone.
14:35 of 2nd period - Nicklas Backstrom is hit by Nick Bonino.
15:30 of 2nd period - Snap shot by Fabian Brunnstrom.
15:30 of 2nd period - Stopped by Maxime Daigneault without a rebound.
15:31 of 2nd period - Nick Bonino wins face-off versus Nicklas Backstrom in Coyotes zone.
15:42 of 2nd period - Slapshot by Jake Gardiner.
15:42 of 2nd period - Shot Misses the Net.
15:48 of 2nd period - Filip Forsberg is hit by Michael Del Zotto and loses puck.
16:09 of 2nd period - Ryan O'Reilly is hit by Jamie Arniel and loses puck.
16:29 of 2nd period - Alex Pietrangelo is hit by Tyler Ennis and loses puck.
17:06 of 2nd period - Backhand shot by Filip Forsberg.
17:06 of 2nd period - Shot Misses the Net.
17:22 of 2nd period - Slapshot by Ryan O'Reilly.
17:22 of 2nd period - Stopped by Maxime Daigneault without a rebound.
17:23 of 2nd period - Ryan O'Reilly wins face-off versus Nazem Kadri in Coyotes zone.
17:50 of 2nd period - Alex Pietrangelo is hit by Evgeny Artyukhin and loses puck.
18:01 of 2nd period - Snap shot by Nicklas Backstrom.
18:01 of 2nd period - Stopped by Maxime Daigneault without a rebound.
18:02 of 2nd period - Sergei Shirokov wins face-off versus Nazem Kadri in Coyotes zone.
18:03 of 2nd period - Slapshot by Ryan O'Reilly.
18:03 of 2nd period - Stopped by Maxime Daigneault without a rebound.
18:04 of 2nd period - Nazem Kadri wins face-off versus Ryan O'Reilly in Coyotes zone.
18:04 of 2nd period - Nazem Kadri is hit by Alex Pietrangelo.
18:16 of 2nd period - Snap shot by Alex Pietrangelo.
18:16 of 2nd period - Stopped by Maxime Daigneault without a rebound.
18:17 of 2nd period - Brad Richards wins face-off versus Nicklas Backstrom in Coyotes zone.
18:17 of 2nd period - Brad Richards is hit by Jordan Eberle.
18:27 of 2nd period - Snap shot by Jordan Eberle.
18:27 of 2nd period - Stopped by Maxime Daigneault with a rebound.
18:29 of 2nd period - Wrist shot by Filip Forsberg.
18:29 of 2nd period - Deflect By Jordan Eberle.
18:29 of 2nd period - Shot Misses the Net.
18:29 of 2nd period - Puck is out of play.
18:30 of 2nd period - Nazem Kadri wins face-off versus Nicklas Backstrom in Coyotes zone.
18:35 of 2nd period - Jordan Eberle is hit by Nazem Kadri.
19:03 of 2nd period - Snap shot by Sergei Shirokov.
19:03 of 2nd period - Stopped by Maxime Daigneault with a rebound.
19:13 of 2nd period - Minor Penalty to Simon Gagné for Roughing.
19:14 of 2nd period - Nazem Kadri wins face-off versus Drew Shore in Blues zone.
19:17 of 2nd period - Wrist shot by Nazem Kadri.
19:17 of 2nd period - Shot Blocked by Alex Pietrangelo.
19:19 of 2nd period - Snap shot by Nazem Kadri.
19:19 of 2nd period - Shot Misses the Net.
19:21 of 2nd period - Slapshot by Tyler Ennis.
19:21 of 2nd period - Shot Misses the Net.
Goals for this period are 1 for Blues vs 2 for Coyotes.
Shots for this period are 13 for Blues vs 9 for Coyotes.

3rd period


0:01 of 3rd period - Tyler Ennis wins face-off versus Drew Shore in neutral zone.
0:48 of 3rd period - Wrist shot by Tyler Ennis.
0:48 of 3rd period - Shot Misses the Net.
0:50 of 3rd period - Wrist shot by Tyler Ennis.
0:50 of 3rd period - Shot Misses the Net.
0:52 of 3rd period - Snap shot by Marian Gaborik.
0:52 of 3rd period - Stopped by Pascal Leclaire without a rebound.
0:53 of 3rd period - Brad Richards wins face-off versus Vincent Lecavalier in Blues zone.
1:09 of 3rd period - Off-side.
1:10 of 3rd period - Brad Richards wins face-off versus Vincent Lecavalier in neutral zone.
1:13 of 3rd period - Penalty to Simon Gagné is over, Simon Gagné is back on ice.
1:44 of 3rd period - Slapshot by Josh Gorges.
1:44 of 3rd period - Deflect By Simon Gagné.
1:44 of 3rd period - Stopped by Pascal Leclaire with a rebound.
2:16 of 3rd period - Wrist shot by Marian Gaborik.
2:16 of 3rd period - Goal by Marian Gaborik - Blues : 2 - Coyotes : 4.
2:16 of 3rd period - Carey Price enters game.
2:17 of 3rd period - Brad Richards wins face-off versus Drew Shore in neutral zone.
2:27 of 3rd period - Icing by Kurt Sauer.
2:28 of 3rd period - Brad Richards wins face-off versus Drew Shore in Blues zone.
2:36 of 3rd period - Off-side.
2:37 of 3rd period - Nicklas Backstrom wins face-off versus Brad Richards in neutral zone.
2:43 of 3rd period - Brad Richards is hit by Jordan Eberle and loses puck.
3:06 of 3rd period - Wrist shot by Tyler Ennis.
3:06 of 3rd period - Stopped by Carey Price with a rebound.
3:44 of 3rd period - Wrist shot by Jordan Eberle.
3:44 of 3rd period - Stopped by Maxime Daigneault without a rebound.
3:45 of 3rd period - Nicklas Backstrom wins face-off versus Nick Bonino in Coyotes zone.
4:04 of 3rd period - Wrist shot by Jordan Eberle.
4:04 of 3rd period - Stopped by Maxime Daigneault with a rebound.
4:06 of 3rd period - Slapshot by Kurt Sauer.
4:06 of 3rd period - Shot Blocked by Nick Bonino.
4:14 of 3rd period - Wrist shot by Alex Pietrangelo.
4:14 of 3rd period - Shot Blocked by Josh Gorges.
4:16 of 3rd period - Slapshot by Nicklas Backstrom.
4:16 of 3rd period - Goal by Nicklas Backstrom - Blues : 3 - Coyotes : 4.
4:17 of 3rd period - Zach Parise wins face-off versus Nicklas Backstrom in neutral zone.
5:10 of 3rd period - Wrist shot by Nick Palmieri.
5:10 of 3rd period - Stopped by Maxime Daigneault without a rebound.
5:11 of 3rd period - Brad Richards wins face-off versus Nicklas Backstrom in Coyotes zone.
5:20 of 3rd period - Wrist shot by Brad Richards.
5:20 of 3rd period - Stopped by Carey Price with a rebound.
5:29 of 3rd period - Minor Penalty to Brad Richards for Tripping.
5:30 of 3rd period - Nicklas Backstrom wins face-off versus Martin Samuelsson in Coyotes zone.
5:56 of 3rd period - Nick Palmieri is hit by Nazem Kadri.
7:29 of 3rd period - Penalty to Brad Richards is over, Brad Richards is back on ice.
7:48 of 3rd period - Gustav Nyquist is hit by Thomas Hickey.
9:16 of 3rd period - Snap shot by Drew Shore.
9:16 of 3rd period - Stopped by Maxime Daigneault with a rebound.
9:18 of 3rd period - Wrist shot by D.J King.
9:18 of 3rd period - Stopped by Maxime Daigneault with a rebound.
9:20 of 3rd period - Snap shot by Yann Sauvé.
9:20 of 3rd period - Shot Misses the Net.
9:26 of 3rd period - Minor Penalty to Jonathan Ferland for Interference.
9:27 of 3rd period - Jamie Arniel wins face-off versus Ryan O'Reilly in Coyotes zone.
9:40 of 3rd period - Kristopher Letang is hit by Simon Gagné.
9:52 of 3rd period - Nick Palmieri is hit by Anton Stralman and loses puck.
10:05 of 3rd period - Slapshot by Shayne Gostisbehere.
10:05 of 3rd period - Shot Blocked by Anton Stralman.
10:07 of 3rd period - Slapshot by Kurt Sauer.
10:07 of 3rd period - Shot Blocked by Martin Samuelsson.
10:09 of 3rd period - Snap shot by Simon Gagné.
10:09 of 3rd period - Goal by Simon Gagné - Blues : 4 - Coyotes : 4.
10:10 of 3rd period - Brad Richards wins face-off versus Nicklas Backstrom in neutral zone.
10:13 of 3rd period - Slapshot by Josh Gorges.
10:13 of 3rd period - Goal by Josh Gorges - Blues : 4 - Coyotes : 5.
10:14 of 3rd period - Nicklas Backstrom wins face-off versus Brad Richards in neutral zone.
10:41 of 3rd period - Filip Forsberg is hit by Evgeny Artyukhin and loses puck.
10:48 of 3rd period - Jamie Arniel is hit by Jordan Eberle and loses puck.
11:01 of 3rd period - Wrist shot by Jordan Eberle.
11:01 of 3rd period - Stopped by Maxime Daigneault without a rebound.
11:02 of 3rd period - Brad Richards wins face-off versus Ryan O'Reilly in Coyotes zone.
11:02 of 3rd period - Brad Richards is hit by Sergei Shirokov.
11:15 of 3rd period - Wrist shot by Zach Parise.
11:15 of 3rd period - Stopped by Carey Price with a rebound.
11:35 of 3rd period - Snap shot by Nazem Kadri.
11:35 of 3rd period - Shot Misses the Net.
11:55 of 3rd period - Wrist shot by Gustav Nyquist.
11:55 of 3rd period - Shot Blocked by Jamie Arniel.
12:38 of 3rd period - Icing by Thomas Hickey.
12:39 of 3rd period - Sergei Shirokov wins face-off versus Brad Richards in Coyotes zone.
12:49 of 3rd period - Sergei Shirokov is hit by Brad Richards.
14:10 of 3rd period - Wrist shot by Fabian Brunnstrom.
14:10 of 3rd period - Shot Misses the Net.
14:24 of 3rd period - Snap shot by Fabian Brunnstrom.
14:24 of 3rd period - Stopped by Maxime Daigneault with a rebound.
14:36 of 3rd period - Wrist shot by Zach Parise.
14:36 of 3rd period - Stopped by Carey Price with a rebound.
14:38 of 3rd period - Snap shot by Zach Parise.
14:38 of 3rd period - Stopped by Carey Price without a rebound.
14:39 of 3rd period - Nicklas Backstrom wins face-off versus Nazem Kadri in Blues zone.
14:44 of 3rd period - Nazem Kadri is hit by Nicklas Backstrom and loses puck.
14:58 of 3rd period - Minor Penalty to Nicklas Backstrom for Holding.
14:59 of 3rd period - Nazem Kadri wins face-off versus Jordan Eberle in Blues zone.
15:09 of 3rd period - Slapshot by Nazem Kadri.
15:09 of 3rd period - Goal by Nazem Kadri - Blues : 4 - Coyotes : 6.
15:10 of 3rd period - Nicklas Backstrom wins face-off versus Jamie Arniel in neutral zone.
15:37 of 3rd period - Cody Ceci is hit by Kristopher Letang and loses puck.
15:50 of 3rd period - Slapshot by Michael Del Zotto.
15:50 of 3rd period - Stopped by Carey Price without a rebound.
15:51 of 3rd period - Nicklas Backstrom wins face-off versus Nazem Kadri in Blues zone.
15:57 of 3rd period - Jake Gardiner is hit by Chris Stewart.
16:10 of 3rd period - Minor Penalty to Josh Gorges for Slashing.
16:11 of 3rd period - Nicklas Backstrom wins face-off versus Jamie Arniel in Coyotes zone.
16:17 of 3rd period - Double Minor Penalty to Alex Pietrangelo for High sticking.
16:18 of 3rd period - Sergei Shirokov wins face-off versus Brad Richards in Blues zone.
16:31 of 3rd period - Snap shot by Brad Richards.
16:31 of 3rd period - Deflect By Zach Parise.
16:31 of 3rd period - Shot Blocked by Cody Ceci.
16:31 of 3rd period - Puck is out of play.
16:32 of 3rd period - Brad Richards wins face-off versus Nicklas Backstrom in Blues zone.
16:33 of 3rd period - Wrist shot by Zach Parise.
16:33 of 3rd period - Stopped by Carey Price without a rebound.
16:34 of 3rd period - Brad Richards wins face-off versus Nicklas Backstrom in Blues zone.
17:17 of 3rd period - Tyler Ennis is hit by Jake Gardiner and loses puck.
17:43 of 3rd period - Icing by Brad Richards.
17:44 of 3rd period - Fabian Brunnstrom wins face-off versus Brad Richards in Coyotes zone.
18:10 of 3rd period - Penalty to Josh Gorges is over, Josh Gorges is back on ice.
19:04 of 3rd period - Minor Penalty to Yann Sauvé for Holding Stick.
19:05 of 3rd period - Drew Shore wins face-off versus Brad Richards in Blues zone.
19:14 of 3rd period - Snap shot by Brad Richards.
19:14 of 3rd period - Goal by Brad Richards - Blues : 4 - Coyotes : 7.
19:15 of 3rd period - Nazem Kadri wins face-off versus Drew Shore in neutral zone.
19:55 of 3rd period - Off-side.
19:56 of 3rd period - Drew Shore wins face-off versus Brad Richards in neutral zone.
Goals for this period are 2 for Blues vs 4 for Coyotes.
Shots for this period are 9 for Blues vs 13 for Coyotes.